AoeStats
← Josmi-Ga'lock

Black Forest

510805208Analyzed
4v4 RM · 20h ago on Oct 2, 2026· 53m 41s· 8 players
Game mode
Random Map
Map size
Large (8 player)
Population
200
Speed
Normal
Resources
Standard
Victory
Conquest
Starting age
Dark Age
Ending age
Imperial Age
RankedLock teamsTeams togetherTeam positionsShared explorationLock speedFull tech treeHidden civsTurbo modeCheats
Victory
Defeat
🇦🇷 Mongols · Argentina
919
+15
🇮🇳 Britons · India
906
+16
🇩🇪 Persians · Germany
897
+16
🇨🇳 Persians · China
893
+16
🇻🇪 Jurchens · Venezuela
924
-16
🇧🇷 Britons · Brazil
916
-16
🇦🇷 Saxons · Argentina
893
-16
🇦🇷 Goths · Argentina
869
-15
Kanister38
0:37 Loom
17:01 Feudal Age
17:21 Horse Collar
17:31 Double-Bit Axe
18:57 Gold Mining
19:57 Stone Mining
22:04 Wheelbarrow
24:11 Castle Age
22:36 Forging
22:18 Fletching
22:33 Scale Barding Armor
22:51 Fishing Lines
25:33 Caravan
25:46 Bodkin Arrow
26:26 Iron Casting
26:12 Chain Barding Armor
27:57 Stone Shaft Mining
27:58 Gold Shaft Mining
27:38 Heavy Plow
27:59 Bow Saw
30:58 Hand Cart
36:22 Imperial Age
34:18 Bloodlines
34:09 Husbandry
34:58 Padded Archer Armor
34:59 Scale Mail Armor
34:50 Town Watch
35:11 Gillnets
36:47 Cavalier
36:50 Elite War Elephant
37:53 Conscription
37:44 Citadels
38:10 Hoardings
39:17 Plate Barding Armor
39:43 Blast Furnace
43:27 Light Cavalry
47:47 Hussar
50:02 Ballistics
50:42 Chemistry
Owen Knight
13:14 Feudal Age
13:33 Loom
14:09 Double-Bit Axe
20:23 Castle Age
19:00 Horse Collar
20:07 Fishing Lines
20:45 Stone Mining
21:34 Caravan
24:18 Bow Saw
24:12 Heavy Plow
29:17 Wheelbarrow
29:57 Town Watch
30:22 Gold Mining
33:49 Imperial Age
32:40 Yeomen
33:18 Gold Shaft Mining
33:02 Hand Cart
32:51 Town Patrol
33:29 Padded Archer Armor
33:19 Fletching
34:39 Hand Cart
35:47 Two-Man Saw
34:32 Elite Longbowman
35:53 Leather Archer Armor
35:34 Bodkin Arrow
36:26 Conscription
36:45 Hoardings
36:36 Fortified Wall
36:48 Ballistics
36:06 Elite Skirmisher
38:39 Warwolf
40:15 Bracer
40:46 Ring Archer Armor
47:21 Siege Engineers
50:08 Pikeman
51:21 Capped Ram
53:45 Guard Tower
53:52 Murder Holes
53:43 Arrowslits
怒头堵紧
11:54 Feudal Age
13:14 Loom
17:59 Castle Age
16:44 Double-Bit Axe
16:40 Horse Collar
32:51 Imperial Age
30:57 Wheelbarrow
31:19 Gold Mining
31:19 Stone Mining
31:40 Bow Saw
31:41 Town Watch
31:56 Town Watch
32:43 Hand Cart
32:36 Elite War Elephant
33:37 Conscription
34:20 Gold Shaft Mining
34:07 Forging
34:02 Scale Barding Armor
35:00 Two-Man Saw
35:50 Iron Casting
35:54 Heavy Plow
36:10 Guilds
36:26 Husbandry
36:39 Bloodlines
36:53 Chain Barding Armor
39:11 Caravan
43:21 Blast Furnace
42:56 Plate Barding Armor
46:49 Crop Rotation
46:58 Stone Shaft Mining
46:29 Scale Mail Armor
47:05 Plate Barding Armor
46:33 Scale Mail Armor
46:33 Padded Archer Armor
46:24 Fletching
47:13 Plate Barding Armor
46:38 Scale Mail Armor
46:39 Padded Archer Armor
46:29 Fletching
47:11 Coinage
46:55 Clinker Construction
46:51 Siphons
46:36 Guard Tower
46:44 Murder Holes
47:01 Masonry
47:03 Careening
47:50 Town Patrol
47:17 Man-at-Arms
47:18 Pikeman
47:43 Gambesons
47:58 Squires
47:43 Arson
47:23 Light Cavalry
47:23 Cavalier
47:23 Heavy Camel Rider
48:47 Banking
51:21 Architecture
51:11 Carvel Hull
51:52 Chemistry
51:13 Ballistics
50:43 Heated Shot
51:04 Incendiaries
51:18 Chain Mail Armor
51:18 Leather Archer Armor
50:59 Bodkin Arrow
51:08 Kamandaran
51:22 Citadels
51:50 Hoardings
50:50 Sappers
50:47 Hussar
50:48 Savar
50:48 Heavy Camel Rider
50:51 Long Swordsman
50:51 Halberdier
50:59 Crossbowman
51:02 Heavy Cavalry Archer
52:09 Parthian Tactics
51:10 Elite Skirmisher
53:04 Thumb Ring
53:22 Dry Dock
54:02 Plate Mail Armor
54:02 Ring Archer Armor
53:49 Fervor
53:55 Block Printing
53:40 Devotion
54:16 Theocracy
53:37 Herbal Medicine
not.matiasz
11:11 Feudal Age
11:41 Loom
16:48 Castle Age
15:10 Fletching
15:54 Padded Archer Armor
17:25 Bodkin Arrow
18:53 Town Watch
33:22 Imperial Age
31:56 Scale Barding Armor
32:56 Husbandry
33:06 Bloodlines
34:27 Chain Barding Armor
34:25 Cavalier
40:23 Thumb Ring
40:34 Forging
41:02 Wheelbarrow
41:44 Double-Bit Axe
42:34 Elite Steppe Lancer
43:52 Iron Casting
44:47 Hand Cart
44:33 Town Patrol
45:58 Bracer
46:13 Leather Archer Armor
46:26 Ballistics
47:07 Chemistry
46:39 Capped Ram
47:48 Bow Saw
49:41 Parthian Tactics
49:29 Thumb Ring
48:48 Heavy Cavalry Archer
Men-yopuk
0:28 Loom
15:17 Feudal Age
15:43 Double-Bit Axe
17:06 Wheelbarrow
16:17 Horse Collar
16:21 Fishing Lines
20:40 Gold Mining
22:16 Fletching
22:27 Padded Archer Armor
28:57 Castle Age
27:27 Stone Mining
29:50 Bow Saw
31:01 Heavy Plow
36:18 Hand Cart
42:46 Imperial Age
42:57 Gold Shaft Mining
42:04 Elite Skirmisher
44:50 Theocracy
Josmi-Ga'lock
1:52 Loom
11:34 Feudal Age
12:54 Town Watch
12:56 Double-Bit Axe
12:53 Horse Collar
19:13 Gold Mining
19:16 Stone Mining
21:39 Castle Age
19:34 Fishing Lines
22:39 Bow Saw
24:37 Fletching
25:45 Heavy Plow
28:22 Gillnets
32:08 Scale Mail Armor
32:18 Forging
36:24 Imperial Age
35:10 Gold Shaft Mining
36:01 Wheelbarrow
35:36 Gambesons
35:51 Squires
35:36 Arson
36:45 Elite Varangian Guard
39:07 Iron Casting
38:47 Chain Mail Armor
39:03 Coinage
39:38 Conscription
38:43 Elite Hearth Troop
39:31 Bodkin Arrow
40:23 Hand Cart
40:23 Bodkin Arrow
41:33 Two-Man Saw
41:26 Banking
40:34 Pikeman
41:18 Halberdier
44:54 Plate Mail Armor
44:24 Bracer
45:26 Ballistics
44:48 Treadmill Crane
47:14 Chemistry
46:25 Masonry
47:02 Shield Wall
48:18 Padded Archer Armor
Bluezote
0:33 Loom
13:28 Feudal Age
18:18 Castle Age
18:11 Double-Bit Axe
19:55 Horse Collar
20:46 Man-at-Arms
22:10 Long Swordsman
24:09 Elite Skirmisher
24:59 Fletching
28:39 Bodkin Arrow
28:45 Padded Archer Armor
30:45 Ballistics
31:22 Squires
33:29 Wheelbarrow
34:44 Pikeman
41:31 Imperial Age
40:34 Caravan
42:17 Leather Archer Armor
42:05 Scale Mail Armor
42:16 Forging
42:07 Halberdier
45:57 Iron Casting
45:38 Chain Mail Armor
48:33 Blast Furnace
Abyssus
1:44 Loom
12:46 Feudal Age
13:18 Double-Bit Axe
13:21 Fishing Lines
18:18 Town Watch
21:18 Castle Age
21:54 Gillnets
24:01 Bow Saw
24:15 Stone Mining
24:18 Gold Mining
25:43 Squires
25:29 Arson
26:20 Treadmill Crane
28:00 Horse Collar
29:20 Wheelbarrow
29:33 Town Patrol
29:50 Heavy Plow
30:28 Hand Cart
35:54 Imperial Age
35:13 Siege Engineers
35:11 Padded Archer Armor
35:02 Fletching
36:50 Thunderclap Bombs
37:17 Hoardings
37:04 Conscription
36:48 Fortified Bastions
37:53 Two-Man Saw
37:42 Caravan
37:54 Guilds
38:15 Coinage
37:26 Elite Skirmisher
39:17 Chemistry
38:28 Fortified Wall
38:29 Masonry
39:41 Leather Archer Armor
39:22 Bodkin Arrow
38:53 Heavy Scorpion
40:14 Elite Fire Lancer
40:15 Pikeman
41:40 Ring Archer Armor
42:05 Halberdier
45:53 Bracer
46:42 Scale Mail Armor
48:05 Chain Mail Armor
48:33 Forging
51:11 Iron Casting
Connection lost

Rejoining the realm…

Still unreachable

The connection could not be restored.

Session expired

The server has moved on; the page needs a fresh start.